 Dungeon Crawl Stone Soup version 0.29-a0-925-g0a7a3d12f8 (webtiles) character file.

Game seed: 3981174551154211762

923 Sobieck the Magician (level 8, 0/50 HPs)
             Began as a Djinni Conjurer on July 29, 2022.
             Was an Initiate of Makhleb.
             Killed by their own static electricity (6 damage)
             ... on level 6 of the Dungeon.
             The game lasted 00:07:59 (5392 turns).

Sobieck the Magician (Djinni Conjurer)              Turns: 5392, Time: 00:08:00

Health: 0/50       AC:  2    Str:  6    XL:     8   Next: 31%
Gold:   236        EV: 12    Int: 22    God:    Makhleb [......] SH:  0 Dex: 18

rFire   + + .      SeeInvis .   b - +0 dagger {short}
rCold   x . .      Faith    .   (no shield)
rNeg    . . .      Spirit   .   a - +0 robe
rPois   ∞          Reflect  .   (no helmet)
rElec   .          Harm     .   z - scarf {repulsion}
rCorr   +          Rampage  .   (no gloves)
Will    .....                   (boots unavailable)
Stlth   ++........              (no amulet)
HPRegen 0.16/turn               k - ring of resist corrosion
MPRegen 0.00/turn               p - +6 ring of dexterity

@: mighty, brilliant, on berserk cooldown, attractive, flying, slowed,
invisible, repel missiles, very slow
A: sickness immunity, fire resistance 2, cold vulnerability 1, float, innate
caster, HP casting, extra vitality 1
a: Renounce Religion


You were on level 6 of the Dungeon.
You worshipped Makhleb.
Makhleb was noncommittal.
You visited 1 branch of the dungeon, and saw 6 of its levels.

You collected 236 gold pieces.


Innate Abilities, Weirdness & Mutations

You are immune to sickness and miasma.
You are immune to poison.
Your flesh is very heat resistant. (rF++)
You are vulnerable to cold. (rC-)
You float through the air rather than walking.
You learn spells naturally, not from books.
Your magical power is your life essence.
You have superior vitality. (+4 MHP)


   Skills:
 - Level 2.1 Dodging
 - Level 1.5 Stealth
 + Level 7.7 Spellcasting


You had 2 spell levels left.
You knew the following spells:

 Your Spells              Type           Power      Damage    Failure   Level
a - Magic Dart            Conj           100%       1d8       1%          1
b - Searing Ray           Conj           100%       2d8       1%          2
c - Dazzling Flash        Conj/Hex       100%       N/A       1%          3
d - Fulminant Prism       Conj/Hex       29%        3d14      3%          4
e - Iskenderun's Mystic   Conj/Tloc      59%        2d12      3%          4
f - Sting                 Tmut/Pois      100%       1d8       1%          1
g - Static Discharge      Conj/Air       59%        3-11/arc  1%          2
h - Tukima's Dance        Hex            59%        N/A       1%          3
Your spell library was empty.

Inventory:

Hand Weapons
 b - a +0 dagger (weapon) {short}
   (You took it off a kobold on level 1 of the Dungeon)
 c - a +0 short sword of speed {short}
   (You found it on level 4 of the Dungeon)
Missiles
 g - 62 stones {throwing}
 A - 6 poisoned darts {throwing}
 M - 4 curare-tipped darts {=fthrowing}
Armour
 a - a +0 robe (worn)
 e - a +0 ring mail
   (You found it on level 1 of the Dungeon)
 j - a +0 leather armour
   (You found it on level 1 of the Dungeon)
 n - a +0 ring mail
   (You found it on level 2 of the Dungeon)
 w - a +0 cloak
   (You found it on level 3 of the Dungeon)
 y - a +0 robe
   (You found it on level 3 of the Dungeon)
 z - a scarf of repulsion (worn)
   (You found it on level 3 of the Dungeon)
 B - a +0 ring mail
   (You took it off an orc on level 3 of the Dungeon)
 C - a +0 scale mail
   (You took it off an orc on level 3 of the Dungeon)
 H - a +0 leather armour
   (You took it off an orc on level 4 of the Dungeon)
 I - a +0 leather armour
   (You found it on level 4 of the Dungeon)
 K - a +0 leather armour
   (You found it on level 4 of the Dungeon)
 N - a +0 ring mail
   (You took it off an orc on level 5 of the Dungeon)
 R - a +0 robe
   (You found it on level 5 of the Dungeon)
 T - a +0 ring mail
   (You found it on level 5 of the Dungeon)
Magical Staves
 S - a staff of fire {!astaff}
   (You found it on level 5 of the Dungeon)
Jewellery
 k - a ring of resist corrosion (left hand)
   (You found it on level 1 of the Dungeon)
 p - a +6 ring of dexterity (right hand)
   (You found it on level 2 of the Dungeon)
 r - a ring of fire
   (You found it on level 2 of the Dungeon)
Wands
 m - a wand of acid (9)
   (You found it on level 2 of the Dungeon)
 u - a wand of mindburst (12)
   (You found it on level 3 of the Dungeon)
 P - a wand of charming (8)
   (You found it on level 5 of the Dungeon)
 Q - a wand of polymorph (13)
   (You found it on level 5 of the Dungeon)
Scrolls
 d - 5 scrolls of identify {unknown}
 f - 3 scrolls of blinking {unknown}
 h - 2 scrolls of vulnerability {unknown}
 q - a scroll of acquirement {unknown}
 s - 2 scrolls of amnesia {unknown}
 x - 2 scrolls of teleportation {unknown}
 D - a scroll of immolation {unknown}
 F - a scroll of poison {unknown}
 G - a scroll of magic mapping {unknown}
 O - a scroll of enchant weapon {unknown}
Potions
 i - a potion of resistance
 l - 3 potions of degeneration {!q@e2}
 v - 2 potions of lignification {!q}

Dungeon Overview and Level Annotations

Branches:
Dungeon (6/15) Zot: 26984
 Temple: D:4-7

Altars:
Ashenzari
Dithmenos
Elyvilon
Makhleb
Ru

Annotations:
D:3 2 transporters, bchevrier's ghost, amateur GnWn

.#.. ....# ..
...# ....##
... ...
#....... ...
.. ..... ..
#.##. ... ...
#....#.# ..
###.....###.#
.....§o.)...#
.......<@.#.#
........o...#
..#####.§$..#
. #.#......
####......
#..... .....
.....


You could see an orc priest (unable to see you) and an orc wizard (unable to see
you).


Message History

You can't see any susceptible monsters within range! (Use Z to cast anyway.) Unknown command.
Done exploring.
Unknown command.
Done exploring.
There is a stone staircase leading down here.
You fly downwards.
The orc priest shouts!
There is a stone staircase leading up here.
Danger!
Unknown command.
Casting: Magic Dart (safe; 1% risk of failure)
Confirm with . or Enter, or press ? or * to list all spells.
The orc wizard is struck by an arc of lightning.
You are struck by an arc of lightning.
The lightning grounds out.
The orc priest is struck by an arc of lightning.
You are struck by an arc of lightning.
The lightning grounds out.
The orc priest hits you with a +0 dagger.
The orc wizard points at you and mumbles some strange words.
You are confused.
You're too confused to cast spells.
It was a potion of invisibility.
You fade into invisibility!
The orc priest barely misses you.
Unknown command.
It was a potion of might.
You feel very mighty all of a sudden.
The orc priest calls down the wrath of Beogh upon you.
Pain shoots through your body!
The orc wizard hits you with a +0 dagger.
The orc hits you with a +0 dagger.
Unknown command.
It was a potion of brilliance.
You feel clever all of a sudden.
The orc priest hits you but does no damage.
The orc hits you with a +0 dagger. The orc wizard casts a spell at you.
You are more confused.
The orc wizard points at you and mumbles some strange words.
You easily resist.
It was a potion of berserk rage.
A red film seems to cover your vision as you go berserk!
You feel yourself moving faster!
You feel mighty!
The orc priest hits you with a +0 dagger.
The orc wizard closely misses you.
Unknown command.
Unknown command.
You hit the orc. You miss the orc priest.
The orc wizard hits you with a +0 dagger.
The orc priest barely misses you. The orc wizard misses you.
The orc closely misses you.
Unknown command.
Unknown command.
You feel a strong urge to attack something.
Unknown command.
The orc hits you with a +0 hand axe.
You feel your anger nearly subside.
You are no longer berserk.
You are exhausted.
You feel yourself slow down. The orc hits you with a +0 hand axe.
* * * LOW HITPOINT WARNING * * *
You puncture the orc!
You kill the orc!
Makhleb accepts your kill.
Unknown command.
You barely miss the orc. The orc barely misses you.
The orc priest invokes the aid of Beogh against you.
Beogh smites you!
* * * LOW HITPOINT WARNING * * *
Unknown command.
You puncture the orc wizard! The orc hits you with a +0 dagger.
* * * LOW HITPOINT WARNING * * *
The orc wizard barely misses you.
Unknown command.
Unknown command.
It was a potion of attraction.
You feel attractive to monsters.
You feel less confused. The orc closely misses you.
The orc wizard barely misses you.
The orc wizard points at you and mumbles some strange words.
You easily resist.
The orc hits you with a +0 dagger.
* * * LOW HITPOINT WARNING * * *
The orc priest is attracted toward you. The orc wizard is attracted toward you.
Unknown command.
Casting: Static Discharge (safe; 1% risk of failure)
Confirm with . or Enter, or press ? or * to list all spells.
You feel a surge of power!
The orc wizard is struck by an arc of lightning!
You kill the orc wizard!
Makhleb accepts your kill.
The orc wizard is struck by an arc of lightning.
The lightning grounds out.
The orc priest is struck by an arc of lightning.
You are struck by an arc of lightning.
* * * LOW HITPOINT WARNING * * *
The orc is struck by an arc of lightning!
You kill the orc!
Makhleb accepts your kill.
You are struck by an arc of lightning.
You die...

Skill      XL: |  1  2  3  4  5  6  7 |
---------------+----------------------+-----
Spellcasting   | 4 6 7 |  7.7
Dodging        | |  2.1
Stealth        | |  1.5

Action                   |  1- 3 |  4- 6 |  7- 9 || total
-------------------------+-------+-------+-------++-------
Melee: Dagger            |       |       |     5 ||     5
 Cast: Magic Dart        |    40 |    55 |    35 ||   130
       Searing Ray       |     2 |     6 |     6 ||    14
       Sting             |     1 |     2 |       ||     3
       Static Discharge  |       |     5 |     3 ||     8
       Iskenderun's Myst |       |       |     3 ||     3
  Use: Potion            |       |     7 |     5 ||    12
Armor: Robe              |     2 |     3 |     2 ||     7
       Skin              |       |     5 |       ||     5
Dodge: Dodged            |     1 |     7 |    10 ||    18

Levels and vault maps discovered:
D:1:      nagdon_arrival_double_spiral, layout_loops_corners,
          shapermc_ecumenical_altar_starsandcircs, nrook_loot_triangle
D:2:      layout_loops_cross, basic_altar
D:3:      layout_rooms, mainiacjoe_overflow_alcove_1, gammafunk_ghost_arena
D:4:      layout_basic, gammafunk_temple_overflow_elements, uniq_grinder
D:5:      layout_cave_pools, evilmike_ruin_ashenzari, eino_tiny_chamber
D:6:      layout_cave_pools, minmay_temple_entry_ruins, gammafunk_ghost_grave,
          serial_shops, shop, uniq_blork_the_orc

Notes
Turn   | Place    | Note
-------+----------+-------------------------------------------
     0 | D:1      | Sobieck the Djinni Conjurer began the quest for the Orb.
     0 | D:1      | Sobieck set off with the following spells memorised: Magic
                  | Dart, Searing Ray, Dazzling Flash, Fulminant Prism,
                  | Iskenderun's Mystic Blast.
     0 | D:1      | Reached XP level 1. HP: 15/15 MP: 0/0
   741 | D:1      | Got the Dissertation on Snowy Left-Handed Mysteries
   802 | D:1      | Reached XP level 2. HP: 18/21 MP: 0/0
   872 | D:1      | Found a faded altar of an unknown god.
  1546 | D:2      | Found a sacrificial altar of Ru.
  1690 | D:2      | Reached skill level 4 in Spellcasting
  1690 | D:2      | Reached XP level 3. HP: 19/25 MP: 0/0
  1690 | D:2      | Learned a level 1 spell: Sting
  2277 | D:3      | Noticed bchevrier's ghost (amateur GnWn)
  2284 | D:3      | Reached XP level 4. HP: 30/31 MP: 0/0
  2368 | D:3      | Found a transporter.
  2372 | D:3      | Found a transporter.
  2621 | D:3      | Reached XP level 5. HP: 22/35 MP: 0/0
  2621 | D:3      | Learned a level 2 spell: Static Discharge
  2974 | D:3      | Got the Quarto of Spellbinding and Toxins
  3009 | D:3      | Found a white marble altar of Elyvilon.
  3305 | D:4      | Got the Lectures on Mutable Blight
  3760 | D:4      | Reached skill level 5 in Spellcasting
  3906 | D:4      | Found a shadowy altar of Dithmenos.
  3906 | D:4      | Found a burning altar of Makhleb.
  3909 | D:4      | Became a worshipper of Makhleb the Destroyer
  4011 | D:4      | Noticed Grinder
  4013 | D:4      | Paralysed by Grinder for 5 turns
  4021 | D:4      | HP: 5/35 [Grinder (4)]
  4021 | D:4      | HP: 1/35 [Grinder (4)]
  4023 | D:4      | Paralysed by Grinder for 5 turns
  4028 | D:4      | HP: 11/52 [Grinder (3)]
  4032 | D:4      | Killed Grinder
  4033 | D:4      | Reached skill level 6 in Spellcasting
  4033 | D:4      | Reached XP level 6. HP: 5/40 MP: 0/0
  4361 | D:5      | Entered Level 5 of the Dungeon
  4370 | D:5      | Reached XP level 7. HP: 41/45 MP: 0/0
  4370 | D:5      | Learned a level 3 spell: Tukima's Dance
  4662 | D:5      | Found a broken altar of Ashenzari.
  4943 | D:5      | Noticed a water moccasin
  4951 | D:5      | Killed a water moccasin
  4952 | D:5      | Reached skill level 7 in Spellcasting
  4952 | D:5      | Reached XP level 8. HP: 41/50 MP: 0/0
  5390 | D:6      | HP: 12/50 [orc/+0 dagger (1)]
  5392 | D:6      | Killed from afar by themself

Vanquished Creatures
  Grinder (D:4)
  2 water moccasins (D:5)
  An ice beast (D:5)
  A necrophage (D:5)
  A howler monkey (D:5)
  2 hounds
  3 jellies (D:5)
  An iguana (D:5)
  An orc wizard (D:6)
  3 gnolls (D:3)
  5 adders
  An ufetubus (D:5)
  2 worms
  A dart slug (D:2)
  9 orcs
  A bat (D:2)
  3 endoplasms
  3 giant cockroaches
  7 hobgoblins
  5 jackals (D:3)
  4 quokkas
  6 ball pythons
  7 goblins
  6 kobolds
  3 rats
79 creatures vanquished.

Table legend:
 A = Non-vault XP
 B = Vault XP
 C = Vault XP percentage of total XP
 D = Non-vault monster count
 E = Vault monster count
 F = Vault count percentage of total count
                 A         B        C        D         E       F
            +---------+---------+-------+---------+---------+-------
      Total |    1080 |     277 |  20.4 |      78 |       1 |   1.3
            +---------+---------+-------+---------+---------+-------
        D:1 |      10 |       0 |   0.0 |       7 |       0 |   0.0
        D:2 |      44 |       0 |   0.0 |      17 |       0 |   0.0
        D:3 |     116 |       0 |   0.0 |      26 |       0 |   0.0
        D:4 |      65 |     277 |  81.0 |      11 |       1 |   8.3
        D:5 |     804 |       0 |   0.0 |      14 |       0 |   0.0
        D:6 |      41 |       0 |   0.0 |       3 |       0 |   0.0
            +---------+---------+-------+---------+---------+-------

Illustrated notes

Table legend:
 A = Kills in this place as a percentage of kills in entire the game.
 B = Kills by you in this place as a percentage of kills by you in the entire game.
 C = Kills by friends in this place as a percentage of kills by friends in the entire game.
 D = Other kills in this place as a percentage of other kills in the entire game.
 E = Experience gained in this place as a percentage of experience gained in the entire game.
 F = Experience gained in this place divided by the number of levels of this place that you have seen.
                   A       B       C       D       E      F
               +-------+-------+-------+-------+-------+----------------------
         Total | 100.0 | 100.0 |   N/A |   N/A | 100.0 | 226.2
       Dungeon | 100.0 | 100.0 |   N/A |   N/A | 100.0 | 226.2
               +-------+-------+-------+-------+-------+----------------------

Table legend: (Time is in decaauts)
 A = Elapsed time spent in this place.
 B = Non-inter-level travel time spent in this place.
 C = Inter-level travel time spent in this place.
 D = Time resting spent in this place.
 E = Time spent auto-exploring this place.
 F = Levels seen in this place.
 G = Mean time per level.
                   A        B        C        D        E       F      G
               +--------+--------+--------+--------+--------+-----+--------+
         Total |   5391 |   5259 |    132 |    552 |   4286 |   6 |  898.5 |
       Dungeon |   5391 |   5259 |    132 |    552 |   4286 |   6 |  898.5 |
               +--------+--------+--------+--------+--------+-----+--------+

Top non-repeatable levels by time:
     D:1: 1384 daAuts
     D:4: 1126 daAuts
     D:2: 1117 daAuts
     D:5: 1014 daAuts
     D:3: 732 daAuts
     D:6: 15 daAuts
